 Dungeon Crawl Stone Soup version 0.23.1 (webtiles) character file.

Game seed: 16898406190114814775

44 Borgoz the Sneak (level 3, -1/26 HPs)
             Began as a Ghoul Enchanter on Mar 14, 2019.
             Slain by a worm (8 damage)
             ... on level 2 of the Dungeon.
             The game lasted 00:05:37 (2171 turns).

Borgoz the Sneak (Ghoul Enchanter)                  Turns: 2171, Time: 00:05:38

Health: -1/26      AC:  3    Str:  8 (11) XL:     3   Next: 62%
Magic:  2/4        EV: 11    Int:  8 (10) God:
Gold:   131        SH:  0    Dex:  5 (10) Spells: 2/5 levels left

rFire    . . .     SeeInvis .   a - +1 dagger
rCold    + . .     Gourm    .   (no shield)
rNeg     + + +     Faith    .   b - +0 robe
rPois    ∞         Spirit   .   (no helmet)
rElec    .         Reflect  .   (no cloak)
rCorr    .         Harm     .   (no gloves)
MR       .....                  f - +0 pair of boots
Stlth    ++........             (no amulet)
HPRegen  0.00/turn              (no ring)
MPRegen  0.09/turn              (no ring)

@: rotting
A: rotting body, claws 1, carnivore, cold resistance 1, negative energy
resistance 3, inhibited regeneration, torment resistance, unbreathing
a: no special abilities


You were on level 2 of the Dungeon.
You were not hungry.

You visited 1 branch of the dungeon, and saw 3 of its levels.

You collected 131 gold pieces.

Inventory:

Hand Weapons
 a - a +1 dagger (weapon)
 e - a +0 short sword
Missiles
 l - 34 poisoned needles
Armour
 b - a +0 robe (worn)
 f - a +0 pair of boots (worn)
Jewellery
 j - a cursed ring of protection from cold
 k - an uncursed ring of fire
Scrolls
 i - a scroll of remove curse
Potions
 c - a potion of resistance
 g - 2 potions of curing
Comestibles
 d - 6 rations


   Skills:
 + Level 0.2 Fighting
 * Level 1.9 Short Blades
 + Level 0.6 Armour
 + Level 2.0 Dodging
 + Level 3.6 Stealth
 + Level 1.9 Spellcasting
 + Level 2.6 Hexes
 + Level 0.0 Ice Magic


You had 2 spell levels left.
You knew the following spells:

 Your Spells              Type           Power        Failure   Level  Hunger
a - Corona                Hex            #......      12%         1    ##.....
b - Ensorcelled Hibernat  Hex/Ice        #.....       30%         2    ###....

Your spell library contained the following spells:

 Spells                   Type           Power        Failure   Level  Hunger
 Confuse                  Hex            #.......     36%         3    ####...
 Tukima's Dance           Hex            #.......     36%         3    ####...
 Dazzling Spray           Conj/Hex       #.....       54%         3    ####...


Dungeon Overview and Level Annotations

Branches:
Dungeon (3/15)

Altars:
Hepliaklqana


Innate Abilities, Weirdness & Mutations

Your body is rotting away.
You thrive on raw meat.
You are immune to poison.
You have sharp fingernails.
You are carnivorous and can eat meat at any time.
Your flesh is cold resistant. (rC+)
You are immune to negative energy. (rN+++)
You do not regenerate when monsters are visible.
You are immune to unholy pain and torment.
You can survive without breathing.


Message History

You hit the worm but do no damage.
The worm is moderately wounded.
You hit the worm.
The worm is heavily wounded.
The worm bites you!
You hit the worm.
The worm is heavily wounded.
Casting: Ensorcelled Hibernation (safe; 30% risk of failure)
Confirm with . or Enter, or press ? or * to list all spells.
You don't know that spell.
You hit the worm.
The worm is severely wounded.
The worm bites you.
* * * LOW HITPOINT WARNING * * *
You hit the worm but do no damage.
The worm is severely wounded.
You hit the worm but do no damage.
The worm is severely wounded.
The worm bites you!
You die...

..##........#
..###.##....#
..#
#.##....###
..#
#.........#
#######.#####.
#...##...###
##
#...####...#
.# #...#
###.## ##w##
##.#.#
#..###@..#
...#.#
##.......#
.###.#
#####...# ##
#.#### #...# #
#.)..## #####
####..# #
##.### ##
#...#
.#########.#


You could see a worm.

Vanquished Creatures
  2 dart slugs (D:1)
  3 leopard geckos
  An orc (D:2)
  2 giant cockroaches (D:2)
  5 goblins (D:1)
  4 hobgoblins
  4 bats
  4 frilled lizards (D:1)
  A jackal zombie (D:2)
  6 kobolds
  4 rats
36 creatures vanquished.

Notes
Turn   | Place    | Note
-------+----------+-------------------------------------------
     0 | D:1      | Borgoz the Ghoul Enchanter began the quest for the Orb.
     0 | D:1      | Reached XP level 1. HP: 14/14 MP: 2/2
   128 | D:1      | Reached skill level 1 in Short Blades
   330 | D:1      | Reached XP level 2. HP: 19/20 MP: 3/3
   531 | D:1      | Learned a level 2 spell: Ensorcelled Hibernation
   547 | D:1      | HP: 1/20 [hobgoblin/+0 club (7)]
   750 | D:1      | Reached XP level 3. HP: 25/26 MP: 1/4
  1195 | D:2      | Found a hazy altar of Hepliaklqana.
  2171 | D:2      | Slain by a worm

Skill      XL: |  1  2 |
---------------+-------+-----
Short Blades   | 1 |  1.9
Dodging        | 2 |  2.0
Fighting       | |  0.2
Armour         | |  0.6
Stealth        | |  3.6
Spellcasting   | |  1.9
Hexes          | |  2.6

Action                   || total
-------------------------++-------
Melee: Dagger            ||   145
 Cast: Ensorcelled Hiber ||     6
       Corona            ||     2
  Use: Potion            ||     6
       Scroll            ||     5
 Stab: Sleeping          ||     8
  Eat: Chunk             ||     7
Armor: Robe              ||    28
Dodge: Dodged            ||    84
